 Dungeon Crawl Stone Soup version 0.23.2-33-g5129a83184 (webtiles) character file.

Game seed: 3003915239451036951

41 BoneStone the Shield-Bearer (level 3, 0/33 HPs)
             Began as a Minotaur Fighter on July 13, 2019.
             Slain by a sky beast (1 damage)
             ... on level 2 of the Dungeon.
             The game lasted 00:09:17 (1126 turns).

BoneStone the Shield-Bearer (Minotaur Fighter)      Turns: 1126, Time: 00:09:18

Health: 0/33       AC:  7    Str: 20    XL:     3   Next: 32%
Magic:  2/2        EV:  7    Int:  9    God:
Gold:   112        SH: 10    Dex: 10    Spells: 2/2 levels left

rFire    . . .     SeeInvis .   C - +1 mace (curse)
rCold    . . .     Gourm    .   c - +1 shield
rNeg     . . .     Faith    .   b - +0 scale mail
rPois    .         Spirit   .   (helmet restricted)
rElec    .         Reflect  .   (no cloak)
rCorr    .         Harm     .   (no gloves)
MR       .....                  (no boots)
Stlth    ..........             (no amulet)
HPRegen  0.11/turn              g - ring of wizardry
MPRegen  0.08/turn              B - +4 ring of intelligence

@: no status effects
A: retaliatory headbutt, horns 2
a: no special abilities


You were on level 2 of the Dungeon.
You were not hungry.

You visited 1 branch of the dungeon, and saw 2 of its levels.

You collected 112 gold pieces.

Inventory:

Hand Weapons
 a - a +0 long sword
 l - a +0 whip
 o - a +0 dagger
 q - a +0 short sword
 t - a +0 club
 w - a +0 dagger
 x - a +0 spear
 y - a +0 whip
 z - a +0 dagger
 C - a cursed +1 mace (weapon)
Missiles
 e - 39 stones (quivered)
 h - 5 javelins
 k - a throwing net
 r - 22 bolts
 v - 29 arrows
Armour
 b - a +0 scale mail (worn)
 c - a +1 shield (worn)
 j - a +0 robe
 m - a +0 robe
 p - a +0 ring mail
Jewellery
 g - a ring of wizardry (left hand)
 B - a +4 ring of intelligence (right hand)
Potions
 d - a potion of might
 i - a potion of haste {unknown}
 u - a potion of brilliance {unknown}
Comestibles
 f - 3 rations
 n - 2 chunks of flesh


   Skills:
 + Level 4.0 Fighting
 + Level 2.7 Long Blades
 + Level 0.4 Polearms
 + Level 1.4 Throwing
 + Level 3.8 Armour
 + Level 4.1 Shields


You had 2 spell levels left.
You didn't know any spells.
Your spell library was empty.

Dungeon Overview and Level Annotations

Branches:
Dungeon (2/15)

Altars:


Innate Abilities, Weirdness & Mutations

You reflexively headbutt those who attack you in melee.
You have a pair of horns on your head.


Message History

You hit the sky beast.
The sky beast is severely wounded.
The sky beast hits you but does no damage.
You block the sky beast's attack.
You barely miss the sky beast.
The sky beast is severely wounded.
You block the sky beast's attack.
You barely miss the sky beast.
The sky beast is severely wounded.
The sky beast hits you.
* * * LOW HITPOINT WARNING * * *
The sky beast shocks you.
* * * LOW HITPOINT WARNING * * *
The sky beast barely misses you.
It was a potion of magic.
Magic courses through your body.
The sky beast hits you but does no damage.
You miss the sky beast.
The sky beast is severely wounded.
The sky beast hits you.
You die...

#.....#รท))..
#.... #.....
########.####.....
#..........##.....
#.######.#.##.....
#.# ...#.##.....
#.# #####.##.....
#.# #.#####.. #@#
####........ #Y#
..#######..
##.######.# ..#
#.........# ####
#..######## #..#
#..# #..# ####


You could see a sky beast.

Vanquished Creatures
  An adder (D:2)
  A dart slug (D:1)
  A leopard gecko (D:1)
  2 giant cockroaches
  8 goblins
  3 hobgoblins
  3 bats
  A frilled lizard (D:1)
  4 kobolds
  5 rats
29 creatures vanquished.

Notes
Turn   | Place    | Note
-------+----------+-------------------------------------------
     0 | D:1      | BoneStone the Minotaur Fighter began the quest for the Orb.
     0 | D:1      | Reached XP level 1. HP: 19/19 MP: 0/0
   287 | D:1      | Reached XP level 2. HP: 27/27 MP: 1/1
   709 | D:2      | Reached skill level 1 in Throwing
   709 | D:2      | Reached XP level 3. HP: 19/33 MP: 2/2
  1099 | D:2      | Noticed a sky beast
  1124 | D:2      | HP: 1/33 [sky beast (5)]
  1126 | D:2      | Slain by a sky beast

Skill      XL: |  1  2  3 |
---------------+----------+-----
Shields        | 4 |  4.1
Throwing       | 1 |  1.4
Fighting       | 4 |  4.0
Long Blades    | |  2.7
Polearms       | |  0.4
Armour         | |  3.8

Action                   || total
-------------------------++-------
Melee: Long sword        ||    31
       Spear             ||    18
       Headbutt          ||     9
       Mace              ||    30
Throw: Stone             ||    56
  Use: Scroll            ||     4
       Potion            ||     1
  Eat: Chunk             ||     1
Armor: Scale mail        ||    38
Dodge: Dodged            ||    21
Block: Shield            ||    44
       Rpst.: Long sword ||     4
